 Dungeon Crawl Stone Soup version 0.30.1-11-g7821555f0a (webtiles) character file.

Game seed: 6283726216679471078

54 ritesign the Conjurer (level 3, -12/18 (19) HPs)
             Began as a Deep Elf Conjurer on Dec 19, 2023.
             Killed from afar by Ijyb the acid dragon (22 damage)
             ... with a splash of acid
             ... on level 3 of the Dungeon.
             The game lasted 00:02:46 (2054 turns).

ritesign the Conjurer (Deep Elf Conjurer)           Turns: 2054, Time: 00:02:47

HP:   -12/18 (19)   AC:  2    Str:  4    XL:     3   Next: 66%
MP:   9/10          EV: 12    Int: 30    God:
Gold: 160           SH:  0    Dex: 13    Spells: 9/10 levels left

rFire   . . .        (no weapon)
rCold   . . .        (no shield)
rNeg    . . .        a - +0 robe
rPois   .            (no helmet)
rElec   .            (no cloak)
rCorr   .            (no gloves)
SInv    .            (no boots)
Will    .....        (no amulet)
Stlth   ++           j - +6 ring of intelligence
HPRegen 0.23/turn    (no ring)
MPRegen 0.12/turn

%: no passive effects
@: drained
A: no striking features
a: no special abilities


You were on level 3 of the Dungeon.
You visited 1 branch of the dungeon, and saw 3 of its levels.

You collected 160 gold pieces.

Inventory:

Armour
 a - a +0 robe (worn)
Jewellery
 f - an amulet of guardian spirit
 j - a +6 ring of intelligence (left hand)
 n - a +6 ring of strength
Wands
 l - a wand of polymorph (5)
Scrolls
 c - a scroll of amnesia {unknown}
 e - a scroll of noise {unknown}
 h - a scroll of magic mapping
 m - a scroll of fog {unknown}
 o - a scroll of enchant armour {unknown}
 p - a scroll of teleportation {unknown}
Potions
 b - a potion of magic
 d - a potion of haste {unknown}
 g - a potion of mutation {unknown}
 i - a potion of heal wounds {unknown}
 k - a potion of attraction {unknown}


   Skills:
 - Level 2.4 Dodging
 - Level 2.4 Stealth
 + Level 4.4 Spellcasting
 + Level 5.2 Conjurations


You had 9 spell levels left.
You knew the following spells:

 Your Spells              Type           Power      Damage    Failure   Level
a - Magic Dart            Conj           100%       1d8       1%          1

Your spell library contained the following spells:

 Spells                   Type           Power      Damage    Failure   Level
 Searing Ray              Conj           76%        2d7       1%          2
 Dazzling Flash           Conj/Hex       44%        N/A       6%          3
 Portal Projectile        Hex/Tloc       12%        N/A       19%         3
 Tukima's Dance           Hex            6%         N/A       19%         3
 Fulminant Prism          Conj/Hex       11%        3d8       22%         4
 Iskenderun's Mystic Bla  Conj/Tloc      22%        2d6       22%         4
 Blade Hands              Tmut           3%         N/A       86%         5


Dungeon Overview and Level Annotations

Branches:
Dungeon (3/15)

Altars:

Shops:
D:3 (

Annotations:
D:2 Terence
D:3 Ijyb


Message History

The giant cockroach is severely wounded.
The giant cockroach bites you but does no damage.
The magic dart hits the giant cockroach.
The giant cockroach is almost dead.
The giant cockroach barely misses you.
The giant cockroach completely misses you.
The magic dart hits the giant cockroach.
You kill the giant cockroach!
You now have 160 gold pieces (gained 10).
You open the door.
There is an open door here.
There is an open door here.
You open the door.
Found Kieqysku's Antique Weapon Shoppe.
There is an open door here.
There is an entrance to Kieqysku's Antique Weapon Shoppe here.
You open the door. You open the door.
Found a stone staircase leading up.
There is an open door here.
Ijyb the Twisted Goblin comes into view.
She is wielding a +0 dagger and carrying a wand of roots (9).
Ijyb is nearby!
The magic dart hits Ijyb but does no damage.
Ijyb shouts!
Ijyb zaps a wand.
The roots erupt in riotous growth!
The grasping roots grab you! The grasping roots constrict you.
You hear a shout!
The magic dart hits Ijyb.
Ijyb is lightly wounded.
The grasping roots constrict you.
Aiming: Polymorph
Press: ? - help, Shift-Dir - straight line, f/p - Ijyb
Aim: Ijyb, wielding a +0 dagger, wearing a +0 leather armour and carrying a wand of roots (8) (lightly wounded, will become a jackal, an endoplasm, or an acid dragon, chance to affect: 57%)
The roots lose their grip on you.
Ijyb evaporates and reforms as an acid dragon!
Ijyb spits acid at you. The splash of acid hits you!!
Ouch! That really hurt!
You die...

######... #........
#.'###### #.#...... #
##.#.'#### ##.
.÷.#.#....
#######<###...#.#.##.
#...#.#.#.....#.#.##.
#@.#.+'+.#.#.#.(.. #.
##.#.'∩+.#.#.'#### #.
#...++'##.#...... #.#
##D........'######
#..###.#####.##........
#.#...## #.####.#..##
#.##.## #.# #....##
#.##.#### #.# ###....
#.......# #.# ##.##


You could see Ijyb the acid dragon (catching breath).

Vanquished Creatures
  2 adders
  A dart slug (D:1)
  An orc (D:3)
  3 giant cockroaches
  3 goblins
  3 hobgoblins
  3 quokkas
  A ball python (D:2)
  5 bats
  4 frilled lizards
  2 kobolds
  5 rats
33 creatures vanquished.

Notes
Turn   | Place    | Note
-------+----------+-------------------------------------------
     0 | D:1      | ritesign the Deep Elf Conjurer began the quest for the Orb.
     0 | D:1      | Reached XP level 1. HP: 10/10 MP: 6/6
   232 | D:1      | Reached XP level 2. HP: 15/15 MP: 1/8
  1162 | D:2      | Reached skill level 5 in Conjurations
  1162 | D:2      | Reached XP level 3. HP: 19/19 MP: 5/10
  1514 | D:2      | Noticed Terence
  1630 | D:3      | Found a faded altar of an unknown god.
  2026 | D:3      | Found Kieqysku's Antique Weapon Shoppe.
  2042 | D:3      | Noticed Ijyb
  2045 | D:3      | Ijyb changed into Ijyb the acid dragon
  2045 | D:3      | Noticed Ijyb
  2054 | D:3      | Killed from afar by Ijyb the acid dragon

Illustrated notes

Levels and vault maps discovered:
D:1:      moated_graveyard_arrival, layout_loops_corners
D:2:      layout_loops_cross, basic_altar, serial_co_window_serial,
          co_window_corner_a, co_window_corner_a, co_window_paths_a,
          co_window_corner_a, co_window_paths_b, co_window_corner_a,
          co_window_cross_1, co_window_2corner, co_window_corner_b,
          co_window_unsneaky_path_c, co_window_2corner, co_window_corner_b,
          co_window_paths_e, co_window_4corner_a, st_stairs_14, uniq_terence
D:3:      layout_loops_ring, hellmonk_ecumenical_altar_arch_garden,
          serial_shops, nicolae_shop_tiny_real_fake_doors, hex_tiny,
          minivault_11, uniq_ijyb, uniq_crazy_yiuf_cottage

Skill      XL: |  1  2 |
---------------+-------+-----
Spellcasting   | 4 |  4.4
Conjurations   | 5 |  5.2
Dodging        | |  2.4
Stealth        | |  2.4

Action                     || total
---------------------------++-------
   Cast: Magic Dart        ||    72
  Evoke: Wand              ||     1
    Use: Scroll            ||     3
 Armour: Robe              ||     1
  Dodge: Dodged            ||     7
